 Dungeon Crawl Stone Soup version 0.28.0-53-g5a82cb258f (webtiles) character file.

Game seed: 12889752916396199670

790 Koll24 the Cudgeller (level 7, -21/68 HPs)
             Began as a Troll Fighter on Aug 7, 2022.
             Demolished by a two-headed ogre
             ... wielding a +0 giant club
              (30 damage)
             ... on level 9 of the Dungeon.
             The game lasted 00:54:07 (2512 turns).

Koll24 the Cudgeller (Troll Fighter)                Turns: 2512, Time: 00:54:08

Health: -21/68     AC:  6    Str: 27    XL:     7   Next: 57%
Magic:  6/6        EV:  9    Int:  4    God:
Gold:   121        SH:  7    Dex:  9    Spells: 6/6 levels left

rFire   + . .      SeeInvis .   a - +0 flail
rCold   . . .      Faith    .   c - +0 kite shield
rNeg    . . .      Spirit   .   E - +2 robe {rF+}
rPois   .          Reflect  .   (helmet restricted)
rElec   .          Harm     .   (no cloak)
rCorr   .          Rampage  .   (gloves unavailable)
Will    .....                   (boots unavailable)
Stlth   +.........              k - amulet of regeneration
HPRegen 1.81/turn               (no ring)
MPRegen 0.10/turn               (no ring)

@: no status effects
A: large, unfitting armour, claws 3, regeneration 1, shaggy fur 1, tough skin 1
a: no special abilities


You were on level 9 of the Dungeon.
You visited 1 branch of the dungeon, and saw 8 of its levels.

You collected 121 gold pieces.

Inventory:

Hand Weapons
 a - a +0 flail (weapon)
 e - a +0 hand axe
 f - a +0 hand axe
 l - a +0 hunting sling
 o - a +0 dagger
 D - a +0 vampiric dagger
 F - a +0 shortbow
Missiles
 g - 62 stones (quivered)
 j - 6 boomerangs
 s - 4 large rocks
 G - 20 arrows
Armour
 b - a +0 robe
 c - a +0 kite shield (worn)
 p - a +0 leather armour
 u - a +0 chain mail
 E - a +2 robe of fire resistance (worn)
Magical Staves
 v - a staff of cold
Jewellery
 k - an amulet of regeneration (around neck)
 n - an amulet of magic regeneration
Wands
 w - a wand of flame (22)
 y - a wand of iceblast (12)
Scrolls
 h - a scroll of teleportation {unknown}
 i - 2 scrolls of magic mapping {unknown}
 q - 2 scrolls of blinking {unknown}
 r - a scroll of vulnerability {unknown}
 t - a scroll of silence {unknown}
 x - a scroll of fear {unknown}
 A - 2 scrolls of enchant armour {unknown}
 B - a scroll of identify {unknown}
 C - 3 scrolls of fog {unknown}
Potions
 d - 2 potions of might
 m - 4 potions of curing {unknown}
 z - a potion of attraction {unknown}
 H - a potion of berserk rage


   Skills:
 + Level 3.8 Fighting
 + Level 5.0 Maces & Flails
 + Level 1.4 Throwing
 + Level 3.6 Dodging
 + Level 1.0 Stealth
 + Level 3.7 Shields


You had 6 spell levels left.
You didn't know any spells.
Your spell library contained the following spells:

 Spells                   Type           Power      Damage    Failure   Level
 Sandblast                Erth           0%         2d4       80%         1
 Passwall                 Tmut/Erth      0%         N/A       90%         2
 Stone Arrow              Conj/Erth      0%         3d7       99%         3


Dungeon Overview and Level Annotations

Branches:
Dungeon (10/15)
 Temple: D:4-7         Lair: D:8-11         Orc: D:9-12

Altars:
Fedhas
Trog

Shops:
D:7 [:

Annotations:
D:8 3 runed translucent doors, COBRA's ghost, novice HOFi; Lance11888's ghost, novice HOFi; MiltankisOP's ghost, novice DrTm; turdburglar's ghost, novice TrTm


Innate Abilities, Weirdness & Mutations

You are too large for most types of armour.
You have claws for hands.
Your natural rate of healing is unusually fast.
You are covered in fur. (AC +1)
You have tough skin. (AC +1)


Message History

The orc completely misses you.
The two-headed ogre hits you with a +0 giant club!
The two-headed ogre misses you.
The orc warrior hits you with a +0 mace.
You climb upwards.
There is a stone staircase leading down here.
Press: ? - help, v - describe, . - travel
Here: an orc, wielding a +0 club The floor.
You are too confused!
You can't go up here!
The orc hits you with a +0 club.
The orc warrior hits you with a +0 mace!
The two-headed ogre hits you with a +0 giant club!
The two-headed ogre completely misses you.
In your confused state, you trip and fall down the stairs.
You climb downwards.
Something hits you!
* * * LOW HITPOINT WARNING * * *
Deactivating autopickup; reactivate with Ctrl-A.
Something hits you.
* * * LOW HITPOINT WARNING * * *
The orc wizard casts a spell.
The orc wizard flickers and vanishes!
Something hits you.
* * * LOW HITPOINT WARNING * * *
There is a stone staircase leading up, spattered with blood here.
You can't go down here!
Something hits you.
* * * LOW HITPOINT WARNING * * *
Something hits you.
* * * LOW HITPOINT WARNING * * *
The orc hits you but does no damage.
The orc warrior hits you with a +0 mace.
* * * LOW HITPOINT WARNING * * *
You climb upwards.
Reactivating autopickup.
There is a stone staircase leading down, spattered with blood here.
You bump into the rock wall.
You feel less confused.
The two-headed ogre hits you with a +0 giant club!!
You die...

#.# #.# #
#.# .#
#.###.#
#.#(..
#...# #..#
#####<.####
#@O.......#
#oo.......#
#.........#
###########


You could see a two-headed ogre, an orc warrior and an orc.

Vanquished Creatures
  An ogre (D:7)
  A centaur (D:8)
  A kobold brigand (D:7)
  A bullfrog (D:8)
  2 scorpions
  A jelly (D:7)
  A centaur skeleton (D:7)
  2 hounds (D:7)
  Ijyb (D:3)
  Natasha (D:3)
  4 orc wizards (D:7)
  Terence (D:3)
  A howler monkey skeleton (D:7)
  2 white imps
  An ufetubus (D:3)
  A worm (D:3)
  2 dart slugs (D:2)
  5 orcs (D:7)
  2 ball pythons (D:1)
  2 endoplasms (D:1)
  2 giant cockroaches
  7 goblins (D:3)
  3 hobgoblins
  2 jackals (D:3)
  8 kobolds
  5 bats
  2 frilled lizards
  2 rats
64 creatures vanquished.

Vanquished Creatures (others)
  An orc wizard (D:7)
1 creature vanquished.

Grand Total: 65 creatures vanquished

Notes
Turn   | Place    | Note
-------+----------+-------------------------------------------
     0 | D:1      | Koll24 the Troll Fighter began the quest for the Orb.
     0 | D:1      | Reached XP level 1. HP: 22/22 MP: 0/0
    56 | D:1      | Found a faded altar of an unknown god.
   323 | D:1      | Reached XP level 2. HP: 26/29 MP: 1/1
  1044 | D:3      | Reached XP level 3. HP: 19/36 MP: 2/2
  1048 | D:3      | Reached skill level 2 in Maces & Flails
  1107 | D:3      | Found a blossoming altar of Fedhas.
  1202 | D:3      | Noticed Natasha
  1230 | D:3      | Killed Natasha
  1323 | D:3      | Reached skill level 1 in Throwing
  1327 | D:3      | Reached XP level 4. HP: 44/44 MP: 3/3
  1353 | D:3      | Noticed Ijyb
  1382 | D:3      | Killed Ijyb
  1413 | D:3      | Noticed Terence
  1425 | D:3      | Killed Terence
  1504 | D:4      | Noticed a scorpion
  1532 | D:3      | Killed a scorpion
  1533 | D:3      | Reached skill level 3 in Maces & Flails
  1533 | D:3      | Reached XP level 5. HP: 31/53 MP: 4/4
  1676 | D:4      | You fall into a shaft and drop 3 floors!
  1721 | D:7      | Reached XP level 6. HP: 61/61 MP: 5/5
  1772 | D:7      | Found a bloodstained altar of Trog.
  1791 | D:7      | Reached skill level 4 in Maces & Flails
  1852 | D:7      | Found Yllamep's Antique Armour Shoppe.
  2010 | D:7      | Reached XP level 7. HP: 50/67 MP: 6/6
  2247 | D:7      | Found Tumun's Book Shoppe.
  2422 | D:8      | Reached skill level 1 in Stealth
  2429 | D:8      | Found a runed translucent gate.
  2429 | D:8      | Found a runed translucent gate.
  2429 | D:8      | Found a runed translucent gate.
  2429 | D:8      | Noticed turdburglar's ghost (novice TrTm)
  2429 | D:8      | Noticed COBRA's ghost (novice HOFi)
  2429 | D:8      | Noticed Lance11888's ghost (novice HOFi)
  2430 | D:8      | Noticed MiltankisOP's ghost (novice DrTm)
  2450 | D:8      | Reached skill level 5 in Maces & Flails
  2474 | D:10     | Entered Level 10 of the Dungeon
  2474 | D:10     | Noticed a two-headed ogre
  2512 | D:9      | Demolished by a two-headed ogre

Illustrated notes

Levels and vault maps discovered:
D:1:      dpeg_arrival_rooms_with_view, layout_loops_ring,
          basic_ecumenical_altar
D:2:      layout_loops_ring
D:3:      kennysheep_the_goblin_king, layout_rooms, marbit_many_paths,
          lemuel_round_altar, uniq_ijyb, uniq_natasha, uniq_terence
D:4:      layout_basic, mainiacjoe_overflow_paths, kennysheep_mini_moat,
          nicolae_zen_rock_garden, uniq_eustachio
D:7:      layout_loops_ring, mainiacjoe_overflow_surrounded_room, led_sif_book,
          general_overflow_altar, serial_shops, shop_statue, shop
D:8:      layout_cave_pods, grunt_temple_overflow_open, gammafunk_ghost_cemetery
D:9:      layout_rooms
D:10:     layout_cave_pools, kennysheep_orc_monster_closet_entryway, minmay_bent

Skill      XL: |  1  2  3  4  5  6  7 |
---------------+----------------------+-----
Maces & Flails | 2 3 4 5 |  5.0
Shields        | 3 |  3.7
Throwing       | 1 |  1.4
Fighting       | 3 |  3.8
Dodging        | 3 |  3.6
Stealth        | 1 |  1.0

Action                   |  1- 3 |  4- 6 |  7- 9 || total
-------------------------+-------+-------+-------++-------
Melee: Flail             |   112 |   135 |    88 ||   335
Throw: Stone             |    31 |     8 |     5 ||    44
Armor: Robe              |    44 |    33 |    32 ||   109
Dodge: Dodged            |    54 |    51 |    37 ||   142
Block: Kite shield       |    46 |    49 |    38 ||   133
